 Dungeon Crawl Stone Soup version 0.31-a0-848-gaac375c287 (webtiles) character file.

Game seed: 3966289446403918516

6486 GigaChad the Cleaver (level 11, -1/85 HPs) *EXPLORE*
             Began as a Formicid Fighter on Oct 4, 2023.
             Slain by a komodo dragon (18 damage)
             ... on level 1 of the Lair of Beasts.
             The game lasted 00:10:55 (8512 turns).

GigaChad the Cleaver (Formicid Fighter)             Turns: 8512, Time: 00:10:56

Health: -1/85      AC: 20    Str: 25    XL:     11   Next: 19%
Magic:  11/11      EV:  7    Int:  8    God:
Gold:   436        SH:  9    Dex: 13    Spells: 10/10 levels left

rFire   . . .        a - +0 war axe (protect)
rCold   . . .        c - +3 buckler
rNeg    . . .        G - +0 plate armour
rPois   .            (helmet unavailable)
rElec   .            (no cloak)
rCorr   .            (no gloves)
SInv    +            (no boots)
Will    +....        (no amulet) Stlth
                     (no ring)
HPRegen 0.34/turn    (no ring)
MPRegen 0.12/turn

%: no passive effects
@: under a protective aura
A: permanent stasis, dig shafts and tunnels, antennae 3, four strong arms
a: Dig, Shaft Self


You were on level 1 of the Lair of Beasts.
You visited 3 branches of the dungeon, and saw 10 of its levels.

You collected 436 gold pieces.

Inventory:

Hand Weapons
 a - a +0 war axe of protection (weapon)
Armour
 b - a +1 scale mail
 c - a +3 buckler (worn)
 x - a +0 cloak
 G - a +0 plate armour (worn)
Jewellery
 h - a ring of positive energy
 k - an amulet of guardian spirit
 o - a +6 ring of dexterity
 w - a ring of resist corrosion
Talismans
 r - a beast talisman
 y - a maw talisman
 B - a flux talisman
Wands
 g - a wand of flame (54)
 J - a wand of mindburst (16)
Scrolls
 i - 5 scrolls of vulnerability
 j - 3 scrolls of teleportation
 n - 2 scrolls of identify
 q - 3 scrolls of amnesia {unknown}
 v - a scroll of revelation {unknown}
 C - a scroll of immolation {unknown}
 D - a scroll of fog {unknown}
 E - a scroll of silence {unknown}
 F - a scroll of noise {unknown}
 H - a scroll of fear {unknown}
 I - a scroll of poison {unknown}
 K - a scroll of enchant weapon {unknown}
Potions
 d - a potion of might
 e - 2 potions of enlightenment {unknown}
 f - 2 potions of magic {unknown}
 l - a potion of haste {unknown}
 m - 7 potions of curing {unknown}
 p - a potion of brilliance {unknown}
 s - 2 potions of heal wounds {unknown}
 t - 2 potions of attraction {unknown}
 u - a potion of degeneration {unknown}
 z - 2 potions of invisibility {unknown}
 A - a potion of resistance {unknown}


   Skills:
 * Level 7.7 Fighting
 * Level 10.7 Axes
 * Level 8.4 Armour
 * Level 7.0 Stealth
 * Level 9.0 Shields


You had 10 spell levels left.
You didn't know any spells.
Your spell library contained the following spells:

 Spells                   Type           Power      Damage    Failure   Level
 Freeze                   Ice            0%         1d3       99%         1
 Necrotise                Necr           0%         1d4       99%         1
 Passwall                 Tmut/Erth      0%         N/A       100%        2
 Dazzling Flash           Conj/Hex       0%         N/A       100%        3
 Frozen Ramparts          Ice            0%         1d1       100%        3
 Hailstorm                Conj/Ice       0%         3d3       100%        3
 Ozocubu's Armour         Ice            0%         N/A       100%        3
 Sigil of Binding         Hex            0%         N/A       100%        3
 Vampiric Draining        Necr           0%         2d6       100%        3
 Fulminant Prism          Conj/Hex       0%         3d5       100%        4
 Leda's Liquefaction      Hex/Erth       0%         N/A       100%        4
 Agony                    Necr           0%         N/A       100%        5
 Silence                  Hex/Air        0%         N/A       100%        5
 Ozocubu's Refrigeration  Ice            0%         4d7       100%        7


Dungeon Overview and Level Annotations

Branches:
Dungeon (8/15)             Temple (1/1) D:6            Lair (1/5) D:8

Altars:
Cheibriados
Dithmenos
Elyvilon
Fedhas
Hepliaklqana
Kikubaaqudgha
Makhleb
Nemelex Xobeh
Okawaru
Qazlal
Ru
Sif Muna
Uskayaw
Vehumet
Wu Jian
Xom
Yredelemnul
Zin
The Shining One

Shops:
D:4 *   D:5 *   D:8 *

Annotations:
D:5 2 transporters, bahustanut's ghost, amateur DENe
D:8 1 runed translucent door
Lair:1 Gastronok


Innate Abilities, Weirdness & Mutations

You cannot be hasted, slowed, berserked, paralysed or teleported.
You can dig through walls and to a lower floor.
You have a pair of large antennae on your head. (SInv)
Your four strong arms can wield two-handed weapons with a shield.


Message History

You hit Gastronok.
The komodo dragon bites you but does no damage.
Unknown command.
You slice the komodo dragon!!
The komodo dragon is heavily wounded.
You slash Gastronok! The komodo dragon barely misses you.
Unknown command.
You barely miss the komodo dragon.
The komodo dragon is heavily wounded.
You slash Gastronok! Gastronok bites you.
The komodo dragon completely misses you.
You barely miss the komodo dragon.
The komodo dragon is heavily wounded.
You hit Gastronok.
The komodo dragon hisses menacingly.
You block the komodo dragon's attack.
Unknown command.
You barely miss the komodo dragon.
The komodo dragon is moderately wounded.
You hit Gastronok. Gastronok bites you!
* * * LOW HITPOINT WARNING * * *
Unknown command.
You hit the komodo dragon.
The komodo dragon is heavily wounded.
You slash Gastronok! The komodo dragon bites you!
* * * LOW HITPOINT WARNING * * *
Unknown command.
You slash the komodo dragon!
The komodo dragon is severely wounded.
You hit Gastronok but do no damage. You block the komodo dragon's attack.
Gastronok glows a brilliant shade of cerise.
Unknown command.
You barely miss the komodo dragon.
The komodo dragon is severely wounded.
You hit Gastronok. The komodo dragon barely misses you.
Unknown command.
You barely miss the komodo dragon.
The komodo dragon is severely wounded.
You slash Gastronok! The komodo dragon bites you!!
You die...

#... #....######
#...
##.........##
#...
#............
##...
##..$.........{
#....
###.............
##... ..
#.............$.
#.## .(.
#.......lw(....#
##.## ..#.
#.......@†....#
#..# #..
#............##
##.#
#.##............#
#.#
#.............##
##.##
#........!..###
#..P#
#.......#####
##..# #P..#####
##..# ##.## ###
####.... #..#
####.### #.#(.#.#


You could see Gastronok and a komodo dragon.

Vanquished Creatures
  Pikel (D:7)
  A cane toad (Lair:1)
  2 komodo dragons (Lair:1)
  A hornet (D:8)
  8 blink frogs (Lair:1)
  A wyvern (Lair:1)
  A steam dragon (D:8)
  4 water moccasins (Lair:1)
  An orc warrior (D:8)
  3 ice beasts (D:7)
  2 black bears
  An ogre (D:4)
  6 wolves (Lair:1)
  4 lemures (D:7)
  A phantom (D:7)
  A kobold brigand (D:7)
  2 bullfrogs
  2 gnoll sergeants
  A scorpion (D:6)
  8 wights
  5 howler monkeys
  A hound (D:6)
  3 jellies
  2 orc priests
  Ijyb (D:4)
  An iguana (D:7)
  6 orc wizards
  10 adders
  8 gnolls
  A shadow imp (D:7)
  2 ufetubi
  4 worms
  21 orcs
  7 ball pythons
  7 bats
  6 endoplasms
  5 giant cockroaches
  6 goblins
  6 hobgoblins
  6 jackals
  12 kobolds
  5 quokkas
  4 frilled lizards
  A goblin skeleton (D:8)
  A jackal skeleton (D:8)
  A kobold skeleton (D:8)
  5 rats
188 creatures vanquished.

Notes
Turn   | Place    | Note
-------+----------+-------------------------------------------
     0 | D:1      | GigaChad the Formicid Fighter began the quest for the Orb.
     0 | D:1      | Reached XP level 1. HP: 18/18 MP: 1/1
     0 | D:1      | Entered explore mode.
   197 | D:1      | Reached XP level 2. HP: 19/24 MP: 2/2
   478 | D:1      | Found a faded altar of an unknown god.
   697 | D:2      | Reached XP level 3. HP: 29/29 MP: 3/3
   703 | D:2      | Reached skill level 1 in Stealth
   954 | D:2      | Reached XP level 4. HP: 36/36 MP: 4/4
   993 | D:2      | Reached skill level 3 in Axes
  1252 | D:2      | Reached XP level 5. HP: 39/42 MP: 5/5
  2161 | D:3      | Found a burning altar of Makhleb.
  2161 | D:3      | Noticed a balrug
  2164 | D:3      | Noticed a ynoxinul
  2164 | D:3      | Noticed a smoke demon
  2591 | D:3      | You fall into a shaft and drop 1 floor!
  2636 | D:4      | Reached XP level 6. HP: 39/48 MP: 6/6
  2673 | D:4      | Found Zin's Purification Station.
  2673 | D:4      | Found a glowing silver altar of Zin.
  2825 | D:4      | Reached skill level 4 in Axes
  2869 | D:4      | Noticed Ijyb
  2885 | D:4      | Killed Ijyb
  3026 | D:4      | Found a sacrificial altar of Ru.
  3444 | D:4      | Noticed an ogre
  3451 | D:4      | Slain by an ogre
                  | ... wielding a +0 giant club
                  | (25 damage)
  3455 | D:4      | Killed an ogre
  3456 | D:4      | Reached skill level 5 in Shields
  3621 | D:5      | Entered Level 5 of the Dungeon
  3629 | D:5      | Found an ancient bone altar of Kikubaaqudgha.
  3680 | D:5      | Reached XP level 7. HP: 51/54 MP: 7/7
  3699 | D:5      | Reached skill level 5 in Axes
  3701 | D:5      | Slain by a wight
                  | ... wielding a +2 short sword of venom
                  | (6 damage)
  3707 | D:5      | HP: 1/53 [poisoned by a wight]
  3708 | D:5      | Succumbed to a wight's poison
  3712 | D:5      | Reached skill level 5 in Armour
  3719 | D:5      | HP: 2/53 [poisoned by a wight]
  3719 | D:5      | Slain by a wight
                  | ... wielding a +4 halberd
                  | (2 damage)
  3759 | D:5      | Found a hide-covered altar of Uskayaw.
  3760 | D:5      | Found a transporter.
  3777 | D:5      | Noticed bahustanut's ghost (amateur DENe)
  3786 | D:5      | Reached XP level 8. HP: 39/61 MP: 8/8
  3985 | D:5      | Found Wetow's Assorted Antiques.
  4095 | D:5      | Found a transporter.
  4617 | D:6      | Reached skill level 6 in Axes
  4631 | D:6      | Found a staircase to the Ecumenical Temple.
  4682 | Temple   | Entered the Ecumenical Temple
  4937 | D:6      | Reached skill level 5 in Fighting
  4941 | D:6      | Found a shimmering altar of Xom.
  5208 | D:6      | Got a glossy book
  5398 | D:6      | Found an ornate altar of the Wu Jian Council.
  5540 | D:7      | Noticed Pikel
  5556 | D:7      | HP: 2/62 [Pikel/+1 whip of flaming (4)]
  5556 | D:7      | Slain by Pikel
                  | ... wielding a +1 whip of flaming
                  | (2 damage)
  5565 | D:7      | Killed Pikel
  5566 | D:7      | Reached skill level 7 in Axes
  5566 | D:7      | Reached XP level 9. HP: 35/68 MP: 9/9
  6160 | D:7      | Reached skill level 8 in Axes
  6407 | D:8      | Reached skill level 5 in Stealth
  6661 | D:8      | Found a staircase to the Lair.
  6825 | D:8      | Found a runed translucent door.
  6828 | D:8      | Found a basalt altar of Yredelemnul.
  6854 | D:8      | HP: 2/69 [wight/+2 halberd of freezing (8)]
  6854 | D:8      | Slain by a wight
                  | ... wielding a +2 halberd of freezing
                  | (2 damage)
  6862 | D:8      | Reached XP level 10. HP: 72/76 MP: 10/10
  6913 | D:8      | Found Giddiag's Assorted Antiques.
  7095 | D:8      | Reached skill level 9 in Axes
  7165 | Lair:1   | Entered Level 1 of the Lair of Beasts
  7172 | Lair:1   | Noticed a cane toad
  7187 | Lair:1   | Killed a cane toad
  7967 | Lair:1   | Noticed a komodo dragon
  7980 | Lair:1   | Killed a komodo dragon
  8037 | Lair:1   | Noticed a komodo dragon
  8045 | Lair:1   | HP: 1/79 [komodo dragon (18)]
  8046 | Lair:1   | Annihilated by a komodo dragon (23 damage)
  8049 | Lair:1   | Killed a komodo dragon
  8113 | Lair:1   | Reached skill level 10 in Axes
  8130 | Lair:1   | HP: 1/79 [blink frog (5)]
  8134 | Lair:1   | Slain by a blink frog (3 damage)
  8158 | Lair:1   | Reached XP level 11. HP: 23/84 MP: 11/11
  8168 | Lair:1   | HP: 3/84 [blink frog (7)]
  8174 | Lair:1   | Mangled by a blink frog (13 damage)
  8492 | Lair:1   | Noticed Gastronok
  8512 | Lair:1   | Slain by a komodo dragon

Illustrated notes

Levels and vault maps discovered:
D:1:      scummos_arrival_forest, layout_loops_cross,
          shapermc_ecumenical_altar_starsandcircs
D:2:      cheibrodos_pilgrimage, layout_basic, minmay_heptomino_w4
D:3:      cheibrodos_helix_gallery, layout_rooms, makhleb_altar_promises_db,
          chequers_serial_rivers_micro_c, chequers_big_river
D:4:      layout_layer_cave, nicolae_ru_great_annihilating_truth, zin_purify,
          uniq_ijyb
D:5:      layout_gridville, mainiacjoe_overflow_chevrons,
          nicolae_uskayaw_murder_on_the_dancefloor, serial_shops,
          nicolae_inconvenience_store, gup_sewer_entry_pipe,
          gammafunk_ghost_stat_death
D:6:      layout_basic, general_overflow_altar, mainiacjoe_overflow_alcove_2,
          temple_green
D:7:      layout_cave_pools, uniq_pikel
D:8:      layout_basic, dk_yredelemnul_ordeal, nicolae_ashenzari_skybound,
          lair_entry_dummy, serial_shops, shop
Temple:   grunt_temple_mini_profane
Lair:1:   layout_cave_pods, nicolae_volcano_entry_two_sided,
          chequers_serial_rivers_micro_a, uniq_gastronok

Skill      XL: |  1  2  3  4  5  6  7  8  9 10 11 |
---------------+----------------------------------+-----
Stealth        | 1 2 3 4 5 6 7 |  7.0
Armour         | 4 5 6 7 8 |  8.4
Axes           | 3 4 5 7 8 10 | 10.7
Fighting       | 4 5 6 7 |  7.7
Shields        | 5 6 7 8 9 |  9.0

Action                     |  1- 3 |  4- 6 |  7- 9 | 10-12 || total
---------------------------+-------+-------+-------+-------++-------
  Melee: War axe           |    79 |   178 |   290 |   179 ||   726
    Use: Scroll            |     5 |     3 |       |       ||     8
   Stab: Paralysed         |       |     2 |       |       ||     2
         Distracted        |       |       |     1 |       ||     1
 Armour: Scale mail        |    60 |   127 |   209 |       ||   396
         Plate armour      |       |       |    87 |   202 ||   289
  Dodge: Dodged            |    45 |    76 |   135 |    82 ||   338
  Block: Buckler           |    22 |    65 |   165 |   117 ||   369

Table legend: (Time is in decaauts)
 A = Elapsed time spent in this place.
 B = Non-inter-level travel time spent in this place.
 C = Inter-level travel time spent in this place.
 D = Time resting spent in this place.
 E = Time spent auto-exploring this place.
 F = Levels seen in this place.
 G = Mean time per level.
                   A        B        C        D        E       F      G
               +--------+--------+--------+--------+--------+-----+--------+
         Total |   8681 |   8367 |    314 |    176 |   6492 |  10 |  868.1 |
       Dungeon |   7215 |   6901 |    314 |    176 |   5422 |   8 |  901.9 |
        Temple |    115 |    115 |      0 |      0 |      0 |   1 |  115.0 |
          Lair |   1351 |   1351 |      0 |      0 |   1070 |   1 | 1351.0 |
               +--------+--------+--------+--------+--------+-----+--------+

Top non-repeatable levels by time:
  Lair:1: 1351 daAuts
     D:2: 1178 daAuts
     D:4: 1050 daAuts
     D:5: 1004 daAuts
     D:7: 861 daAuts
     D:6: 840 daAuts
     D:3: 820 daAuts
     D:8: 785 daAuts
     D:1: 674 daAuts
  Temple: 115 daAuts
